 Dungeon Crawl Stone Soup version 0.23.2-33-g5129a83184 (webtiles) character file.

Game seed: 14124107674317393556

2536 Destapler the Magician (level 9, -5/75 HPs)
             Began as a Purple Draconian Ice Elementalist on Aug 2, 2019.
             Slain by an orc warrior
             ... wielding a cursed +0 war axe
              (15 damage)
             ... in a bailey on Aug 3, 2019.
             The game lasted 01:26:43 (8748 turns).

Destapler the Magician (DrIE)                       Turns: 8748, Time: 01:26:44

Health: -5/75      AC: 13    Str: 10    XL:     9   Next: 30%
Magic:  14/19      EV: 12    Int: 17    God:
Gold:   92         SH:  0    Dex: 14    Spells: 15/21 levels left

rFire    . . .     SeeInvis .   a - +9 morningstar of Annihilation {freeze, MR+}
rCold    . . .     Gourm    .   (no shield)
rNeg     . . .     Faith    .   (armour unavailable)
rPois    .         Spirit   .   (helmet restricted)
rElec    .         Reflect  .   l - scarf {repulsion}
rCorr    .         Harm     .   (no gloves)
MR       ++...                  (no boots)
Stlth    ++........             d - amulet of regeneration
HPRegen  0.62/turn              (no ring)
MPRegen  0.16/turn              (no ring)

@: icy armour, very slightly contaminated, repel missiles
A: breathe power, unfitting armour, cold-blooded, AC +7
a: Breathe Dispelling Energy


You were in a bailey.
You were not hungry.

You visited 1 branch of the dungeon, and saw 7 of its levels.
You also visited: Bailey.

You collected 353 gold pieces.
You spent 261 gold pieces at shops.

Inventory:

Hand Weapons
 a - the +9 morningstar of Annihilation (weapon) {freeze, MR+}
   (You bought it in a shop on level 7 of the Dungeon)

   It has been specially enchanted to freeze those struck by it, causing extra
   injury to most foes and up to half again as much damage against particularly
   susceptible opponents.
   It can also slow down cold-blooded creatures.
   It affects your resistance to hostile enchantments.
 b - a +1 dagger of venom
Missiles
 c - 211 stones (quivered)
Armour
 l - a scarf of repulsion (worn)
 p - a +0 shield
Jewellery
 d - an amulet of regeneration (around neck)
 u - an uncursed ring of fire {unknown}
Wands
 r - a wand of iceblast (9)
 t - a wand of random effects (13)
Scrolls
 e - 2 scrolls of enchant armour
 f - a scroll of fear
 g - 6 scrolls of remove curse
 h - 3 scrolls of fog
 i - a scroll of amnesia {unknown}
 w - a scroll of random uselessness {unknown}
 y - a scroll of blinking {unknown}
 A - a scroll of identify
Potions
 j - a potion of degeneration {unknown}
 k - a potion of agility
 m - a potion of flight
 n - 4 potions of curing
 o - a potion of ambrosia
 q - a potion of resistance {unknown}
 s - 3 potions of brilliance {unknown}
 v - a potion of cancellation
Comestibles
 z - 13 rations


   Skills:
 - Level 6.2 Fighting
 * Level 2.6 Maces & Flails
 - Level 2.2 Dodging
 - Level 3.3 Stealth
 * Level 2.6 Shields
 + Level 6.9 Spellcasting
 - Level 3.0 Conjurations
 - Level 5.0 Charms
 - Level 5.0 Ice Magic
   Level 1.4 Invocations
 - Level 3.0 Evocations


You had 15 spell levels left.
You knew the following spells:

 Your Spells              Type           Power        Failure   Level  Hunger
a - Freeze                Ice            ###.         1%          1    None
b - Throw Frost           Conj/Ice       ###...       3%          2    None
c - Ozocubu's Armour      Chrm/Ice       ###.....     4%          3    ##.....

Your spell library contained the following spells:

 Spells                   Type           Power        Failure   Level  Hunger
 Animate Skeleton         Necr           N/A          12%         1    None
 Apportation              Tloc           #.....       12%         1    None
 Confusing Touch          Hex            #.....       12%         1    None
 Pain                     Necr           #...         12%         1    None
 Summon Small Mammal      Summ           #...         12%         1    None
 Regeneration             Chrm/Necr      ##........   13%         3    ##.....
 Throw Icicle             Conj/Ice       ###.....     22%         4    ####...
 Confuse                  Hex            #.......     34%         3    ##.....
 Gell's Gravitas          Tloc           #.........   34%         3    ##.....
 Vampiric Draining        Necr           #.........   34%         3    ##.....
 Summon Ice Beast         Ice/Summ       ##......     38%         4    ####...
 Animate Dead             Necr           N/A          75%         4    ####...
 Petrify                  Tmut/Erth      #.......     75%         4    ####...
 Metabolic Englaciation   Hex/Ice        ##........   75%         5    #####..
 Yara's Violent Unravell  Hex/Tmut       #.........   97%         5    #####..


Dungeon Overview and Level Annotations

Branches:
Dungeon (7/15)             Temple (0/1) D:4

Altars:
Elyvilon
Ru
Trog
Uskayaw
Wu Jian
Xom

Shops:
D:4 =   D:7 (

Portals:
Ossuary: D:7


Innate Abilities, Weirdness & Mutations

You can breathe bolts of dispelling energy.
Your rich purple scales are hard. (AC +7)
You cannot fit into any form of body armour.
You are cold-blooded and may be slowed by cold attacks.


Message History

The orc warrior is heavily wounded.
The orc warrior mumbles, "Of all the rotten luck!"
The orc warrior hits you with a +0 war axe!
Cornered, the orc warrior turns to fight!
You barely miss the orc warrior.
Your tail-slap misses the orc warrior.
The orc warrior is heavily wounded.
The orc warrior closely misses you.
The gnoll howls in fear.
The gnoll hums to itself desperately, trying to keep calm.
The orc warrior gives up.
You barely miss the orc warrior.
You tail-slap the orc warrior, but do no damage.
The orc warrior is moderately wounded.
The orc warrior hits you with a cursed +0 war axe!
The orc warrior hits you with a +0 war axe!
* * * LOW HITPOINT WARNING * * *
You barely miss the orc warrior.
The orc warrior is moderately wounded.
The orc warrior hits you with a cursed +0 war axe!
You die...

#^...≈.≈(...#
#'###≈.≈###'#
#....≈.≈...^#
#'###≈.≈###'#
#...K≈.≈....#
#'###≈.≈###'#
#....≈.≈....#
######+######
#[@)# #oo.#
#...# ##o##


.go ..8g. o#...#. ####g#### ..g You could see 3 orc warriors, a gnoll (fleeing),
an orc and 2 goblins.

Vanquished Creatures
  Prince Ribbit (D:7)
  An ice beast (D:7)
  An orc warrior (Bailey)
  Purgy (D:3)
  A phantom (D:4)
  An ogre (D:6)
  A centaur (D:5)
  An elf zombie (D:7)
  4 bullfrogs
  2 elf skeletons (D:7)
  A scorpion (D:5)
  3 killer bees (D:7)
  A howler monkey (D:6)
  5 hounds
  2 jellies
  A human zombie (D:7)
  3 orc priests
  2 centaur skeletons (D:4)
  Jessica (D:2)
  4 orc wizards
  3 iguanas
  6 worker ants
  A killer bee zombie (D:6)
  2 hound skeletons
  A howler monkey skeleton (D:6)
  7 gnolls
  8 adders
  3 shadow imps
  3 oozes
  An adder skeleton (D:4)
  An adder zombie (D:7)
  3 worms
  4 dart slugs
  3 leopard geckos
  19 orcs
  A ball python (D:1)
  7 giant cockroaches
  9 goblins
  10 hobgoblins
  4 jackals (D:5)
  5 quokkas
  10 bats
  7 frilled lizards
  21 kobolds
  An orc skeleton (D:7)
  An orc zombie (D:7)
  2 quokka skeletons
  6 rats
186 creatures vanquished.

Notes
Turn   | Place    | Note
-------+----------+-------------------------------------------
     0 | D:1      | Destapler the Draconian Ice Elementalist began the quest
                  | for the Orb.
     0 | D:1      | Reached XP level 1. HP: 14/14 MP: 3/3
   145 | D:1      | Reached skill level 1 in Fighting
   146 | D:1      | Reached XP level 2. HP: 21/23 MP: 1/5
   569 | D:1      | Reached XP level 3. HP: 23/29 MP: 3/6
  1274 | D:2      | Found a bloodstained altar of Trog.
  1371 | D:2      | Reached XP level 4. HP: 37/37 MP: 7/7
  1788 | D:2      | Noticed Jessica
  1790 | D:2      | Killed Jessica
  1798 | D:2      | Learned a level 2 spell: Throw Frost
  2017 | D:3      | Noticed Purgy
  2036 | D:3      | Killed Purgy
  2036 | D:3      | Reached XP level 5. HP: 37/45 MP: 0/9
  2780 | D:3      | Found a faded altar of an unknown god.
  2874 | D:3      | Reached XP level 6. HP: 49/51 MP: 7/10
  3701 | D:4      | Found Zurizad's Jewellery Shop.
  3723 | D:4      | Found a white marble altar of Elyvilon.
  3865 | D:4      | Found a staircase to the Ecumenical Temple.
  4387 | D:4      | Found a shimmering altar of Xom.
  4400 | D:4      | Your scales start taking on a rich purple colour.
  4400 | D:4      | Reached XP level 7. HP: 50/57 MP: 7/13
  4441 | D:5      | Entered Level 5 of the Dungeon
  4507 | D:3      | Became a worshipper of Uskayaw the Reveler
  4507 | D:3      | Reached * piety under Uskayaw
  4644 | D:4      | Reached ** piety under Uskayaw
  4707 | D:4      | Reached skill level 1 in Evocations
  4710 | D:4      | Reached skill level 1 in Invocations
  5313 | D:5      | Fell from the grace of Uskayaw
  5446 | D:5      | Reached skill level 5 in Spellcasting
  5491 | D:5      | Reached skill level 5 in Ice Magic
  5940 | D:5      | Learned a level 3 spell: Ozocubu's Armour
  6133 | D:5      | Reached skill level 1 in Charms
  6133 | D:5      | Reached XP level 8. HP: 66/66 MP: 12/16
  6639 | D:5      | Found a sacrificial altar of Ru.
  7385 | D:6      | Reached skill level 5 in Fighting
  7937 | D:7      | Found Hafemeest's Antique Weapon Shoppe.
  7937 | D:7      | Noticed Prince Ribbit
  8020 | D:7      | Found a flagged portal.
  8064 | D:7      | Found an ornate altar of the Wu Jian Council.
  8155 | D:7      | Killed Prince Ribbit
  8155 | D:7      | Reached XP level 9. HP: 61/75 MP: 0/18
  8168 | D:7      | Bought an encrusted morningstar for 261 gold pieces
  8168 | D:7      | Identified the +9 morningstar of Annihilation {freeze, MR+}
                  | (You bought it in a shop on level 7 of the Dungeon)
  8227 | D:7      | Reached skill level 5 in Charms
  8242 | D:7      | Reached skill level 1 in Shields
  8243 | D:7      | Reached skill level 1 in Maces & Flails
  8379 | D:7      | Found a sand-covered staircase.
  8428 | Bailey   | Entered a bailey
  8509 | Bailey   | Was forgiven by Uskayaw
  8748 | Bailey   | Slain by an orc warrior

Skill      XL: |  1  2  3  4  5  6  7  8  9 |
---------------+----------------------------+-----
Fighting       | 1 2 3 6 |  6.2
Stealth        | 2 3 |  3.3
Dodging        | 2 |  2.2
Spellcasting   | 3 4 5 6 |  6.9
Conjurations   | 2 3 |  3.0
Ice Magic      | 4 5 |  5.0
Evocations     | 3 |  3.0
Invocations    | 1 |  1.4
Charms         | 1 4 5 |  5.0
Shields        | 2 |  2.6
Maces & Flails | 2 |  2.6

Action                   |  1- 3 |  4- 6 |  7- 9 || total
-------------------------+-------+-------+-------++-------
Melee: Dagger            |    49 |   144 |   145 ||   338
       Club              |     5 |       |       ||     5
       Tailslap          |     2 |    18 |    25 ||    45
       Mace              |       |    15 |    15 ||    30
       Morningstar       |       |       |    55 ||    55
Throw: Stone             |       |    18 |    15 ||    33
       Tomahawk          |       |       |    36 ||    36
 Cast: Freeze            |    44 |    36 |    79 ||   159
       Throw Frost       |       |    20 |    50 ||    70
       Ozocubu's Armour  |       |       |    12 ||    12
Invok: Stomp             |       |       |     2 ||     2
       Renounce Religion |       |       |     1 ||     1
 Abil: Breathe Dispellin |       |       |     2 ||     2
  Use: Potion            |       |     6 |       ||     6
       Scroll            |       |       |     9 ||     9
 Stab: Sleeping          |     2 |     6 |     9 ||    17
  Eat: Chunk             |     2 |    11 |    16 ||    29
Armor: Skin              |    33 |    44 |   100 ||   177
Dodge: Dodged            |    53 |   132 |   283 ||   468
       Deflected         |       |     3 |    55 ||    58
